Map: Odyssey LE

Players

PtitDrogo

  • Race: Protoss Protoss
  • Spawn Location: 11:00

Neeb - Winner!

  • Race: Protoss Protoss
  • Spawn Location: 5:00

Event: WCS Jonkoping 2017

VOD

Have the link to the VOD?

Description

Time

  • Played on: June 17, 2017, 2:15 p.m.
  • Length: 17:44

All games in this series

Show
View Real Time Build Order
Export as new Build Order

PtitDrogo Protoss 

Build Orders: Zealot Archon 

Get SALT Encoding   

  12  0:01  Probe (Chrono Boost)  
  13  0:11  Probe (Chrono Boost)  
  14  0:18  Pylon  
  14  0:22  Probe (Chrono Boost)  
  15  0:36  Probe (Chrono Boost), Gateway  
  15  0:41  Assimilator  
  16  0:46  Probe (Chrono Boost)  
  17  0:54  Assimilator  
  17  0:57  Probe (Chrono Boost)  
  17  1:04  Gateway  
  18  1:08  Probe (Chrono Boost)  
  19  1:18  Probe (Chrono Boost)  
  20  1:23  Cybernetics Core  
  20  1:29  Probe (Chrono Boost)  
  20  1:30  Pylon  
  21  1:39  Probe (Chrono Boost)  
  22  1:50  Probe (Chrono Boost)  
  25  2:01  Warp Gate (Chrono Boost), Mothership Core (Chrono Boost)  
  25  2:11  Nexus  
  25  2:18  Stalker  
  27  2:27  Stalker  
  29  2:31  Probe  
  30  2:37  Pylon  
  30  2:45  Probe  
  31  2:55  Stalker  
  31  2:58  Probe  
  34  3:02  Stalker  
  36  3:10  Probe  
  36  3:12  Twilight Council  
  36  3:22  Probe (Chrono Boost)  
  36  3:24  Probe (Chrono Boost)  
  38  3:33  Probe (Chrono Boost)  
  39  3:35  Probe (Chrono Boost)  
  40  3:44  Probe (Chrono Boost)  
  40  3:45  Probe (Chrono Boost)  
  40  3:47  Robotics Facility  
  42  3:54  Sentry x2, Probe (Chrono Boost)  
  47  3:56  Probe (Chrono Boost)  
  47  4:05  Probe (Chrono Boost)  
  47  4:06  Probe (Chrono Boost)  
  46  4:10  Blink (Chrono Boost)  
  46  4:15  Probe (Chrono Boost)  
  47  4:18  Probe (Chrono Boost)  
  46  4:26  Probe (Chrono Boost)  
  46  4:31  Probe (Chrono Boost)  
  48  4:34  Pylon, Forge  
  48  4:35  Observer  
  48  4:37  Probe (Chrono Boost)  
  50  4:43  Probe (Chrono Boost)  
  50  4:47  Probe (Chrono Boost)  
  50  4:51  Pylon  
  51  4:53  Probe (Chrono Boost)  
  51  4:57  Stalker  
  51  4:58  Probe (Chrono Boost)  
  55  5:03  Protoss Ground Weapons Level 1 (Chrono Boost)  
  55  5:04  Probe (Chrono Boost)  
  56  5:07  Nexus  
  56  5:08  Probe (Chrono Boost)  
  56  5:13  Probe (Chrono Boost)  
  55  5:19  Probe  
  57  5:22  Pylon  
  57  5:23  Probe  
  58  5:29  Assimilator  
  58  5:31  Probe, Assimilator  
  58  5:35  Probe  
  60  5:40  Immortal  
  64  5:43  Probe  
  64  5:46  Sentry, Gateway  
  64  5:48  Probe  
  68  5:55  Probe  
  68  6:00  Probe  
  68  6:01  Gateway  
  68  6:02  Stalker  
  71  6:06  Templar Archives  
  71  6:08  Probe  
  72  6:13  Probe  
  73  6:20  Probe  
  73  6:23  Probe, Pylon, Immortal  
  73  6:25  Probe  
  80  6:32  Probe  
  81  6:34  Probe  
  81  6:36  Gateway  
  81  6:37  Probe  
  81  6:39  Gateway  
  83  6:40  Protoss Ground Weapons Level 2  
  83  6:44  Probe x2  
  85  6:50  Gateway  
  85  6:51  Probe  
  85  6:53  Pylon  
  86  6:55  Probe  
  86  6:56  Probe  
  88  7:02  Pylon  
  88  7:06  Photon Cannon  
  88  7:11  Immortal  
  88  7:12  Probe x2  
  88  7:13  High Templar  
  88  7:15  High Templar  
  98  7:19  Archon  
  99  7:22  Pylon  
  99  7:24  Probe x2  
  99  7:29  Pylon  
  100  7:33  Stalker x2  
  103  7:37  Zealot x2  
  103  7:49  High Templar x2  
  107  7:53  Archon  
  107  7:55  Probe x2  
  107  7:56  Charge (Chrono Boost)  
  107  7:57  Assimilator  
  109  7:58  Assimilator  
  109  8:11  Probe  
  103  8:13  Zealot x2  
  103  8:14  Stalker x3  
  103  8:18  Probe  
  114  8:23  Zealot x2  
  104  8:37  Zealot x3  
  104  8:38  Zealot x2, Probe  
  107  8:41  Protoss Ground Weapons Level 3  
  107  8:42  Probe  
  107  8:43  Probe  
  107  8:44  Zealot x2  
  111  8:51  Probe  
  111  8:52  Probe  
  111  8:55  Probe  
  112  9:03  Probe x2  
  112  9:08  Probe  
  115  9:11  Nexus  
  115  9:13  Probe, Immortal, Pylon  
  115  9:15  Probe  
  121  9:20  Probe  
  121  9:22  Photon Cannon  
  122  9:27  Probe  
  123  9:32  Pylon  
  123  9:39  High Templar  
  123  9:40  High Templar x4  
  123  9:42  Pylon  
  123  9:43  Gateway  
  123  9:44  Pylon  
  133  9:47  Archon x2  
  133  9:59  Pylon  
  131  10:01  Zealot, High Templar  
  131  10:02  Immortal  
  131  10:06  Archon  
  139  10:08  Robotics Facility  
  138  10:20  Probe  
  139  10:25  Zealot x6  
  139  10:26  Probe  
  139  10:27  Probe  
  139  10:28  Probe  
  152  10:32  Probe  
  147  10:36  Stalker  
  147  10:37  Probe x2  
  147  10:42  Immortal (Chrono Boost)  
  151  10:44  Probe x2  
  151  10:47  Probe  
  151  10:48  Probe  
  152  10:56  Probe  
  152  10:57  Probe  
  154  10:58  Probe, Immortal (Chrono Boost), Assimilator  
  154  11:00  Probe  
  154  11:03  Photon Cannon  
  160  11:09  High Templar x5  
  160  11:10  Zealot, High Templar  
  174  11:14  Archon x2  
  174  11:15  Archon  
  176  11:18  Warp Prism (Chrono Boost)  
  172  11:26  Probe  
  172  11:32  High Templar x2  
  167  11:36  Gateway  
  167  11:37  Archon  
  167  11:39  Gateway  
  167  11:40  Gateway  
  167  11:41  Zealot x4  
  167  11:42  Zealot  
  159  11:57  Zealot  
  159  11:59  Immortal (Chrono Boost)  
  159  12:00  Immortal (Chrono Boost)  
  169  12:03  Photon Cannon  
  169  12:05  Photon Cannon  
  168  12:17  High Templar  
  168  12:18  High Templar x3  
  168  12:19  Zealot x2  
  168  12:22  Archon x2  
  180  12:25  Pylon  
  180  12:27  Pylon  
  174  12:35  Zealot x2  
  170  12:38  Protoss Shields Level 1  
  170  12:44  Pylon  
  170  12:46  High Templar  
  170  12:47  High Templar  
  170  12:48  Zealot x3  
  170  12:50  Zealot x4  
  170  12:51  Archon  
  188  12:55  Stargate  
  188  12:57  Nexus  
  188  13:13  High Templar  
  188  13:14  Zealot x2, High Templar  
  196  13:20  Archon  
  196  13:23  Pylon  
  196  13:25  Assimilator  
  196  13:26  Assimilator  
  192  13:39  Zealot  
  167  13:50  Zealot x5  
  167  13:51  Zealot x5  
  162  13:57  Oracle (Chrono Boost)  
  129  14:04  Zealot  
  129  14:07  Immortal (Chrono Boost)  
  133  14:11  High Templar x3  
  133  14:12  Zealot x4, High Templar  
  133  14:13  Zealot x2  
  133  14:16  Archon x2  
  153  14:19  Observer (Chrono Boost)  
  154  14:31  Zealot  
  156  14:37  Zealot x5  
  164  14:39  Zealot  
  164  14:44  Immortal (Chrono Boost)  
  162  14:46  Zealot x4  
  162  14:48  Immortal (Chrono Boost)  
  168  15:00  Zealot x6  
  167  15:27  Immortal (Chrono Boost)  
  167  15:28  Zealot x7  
  173  15:33  Nexus  
  179  15:37  Pylon  
  179  15:38  Oracle  
  179  15:40  Pylon  
  176  15:46  Photon Cannon  
  176  15:54  High Templar x2  
  176  15:55  Zealot  
  176  15:56  Zealot x3  
  188  15:59  Archon  
  188  16:00  Pylon  
  177  16:19  Zealot x8  
  177  16:20  Zealot  
  191  16:31  Zealot x2  
  152  16:51  High Templar  
  152  16:52  High Templar x3  
  124  16:56  Archon x2  
  124  16:58  Zealot x3  
  72  17:10  Observer (Chrono Boost)  
  72  17:13  Observer (Chrono Boost)  
  74  17:18  Zealot  
  68  17:41  Zealot x2  
Show
View Real Time Build Order
Export as new Build Order

Neeb Protoss - Winner!

Build Orders: Oracle Opening, Zealot Archon 

Get SALT Encoding   

  12  0:02  Probe (Chrono Boost)  
  13  0:12  Probe (Chrono Boost)  
  14  0:18  Pylon  
  14  0:23  Probe (Chrono Boost)  
  15  0:36  Probe (Chrono Boost), Gateway  
  16  0:46  Probe (Chrono Boost)  
  16  0:48  Assimilator  
  17  0:52  Assimilator  
  17  0:57  Probe (Chrono Boost)  
  18  1:08  Probe (Chrono Boost)  
  18  1:10  Gateway  
  19  1:19  Probe (Chrono Boost)  
  19  1:23  Cybernetics Core  
  20  1:30  Probe (Chrono Boost)  
  21  1:36  Pylon  
  21  1:40  Probe (Chrono Boost)  
  22  1:51  Probe (Chrono Boost)  
  23  2:00  Warp Gate  
  23  2:02  Mothership Core (Chrono Boost)  
  29  2:15  Pylon  
  29  2:20  Stargate  
  25  2:32  Nexus  
  25  2:36  Probe (Chrono Boost)  
  26  2:47  Probe (Chrono Boost)  
  26  2:49  Adept  
  29  2:53  Adept  
  29  2:57  Probe (Chrono Boost)  
  32  3:05  Oracle (Chrono Boost)  
  35  3:09  Probe  
  36  3:17  Pylon  
  36  3:21  Probe  
  37  3:33  Probe  
  38  3:36  Oracle (Chrono Boost)  
  41  3:43  Probe  
  41  3:45  Probe  
  41  3:48  Robotics Facility  
  43  3:54  Probe  
  44  3:58  Probe  
  45  4:04  Probe (Chrono Boost)  
  46  4:10  Probe (Chrono Boost)  
  46  4:17  Probe (Chrono Boost)  
  44  4:21  Probe (Chrono Boost)  
  45  4:27  Probe (Chrono Boost)  
  45  4:31  Nexus  
  46  4:32  Probe (Chrono Boost)  
  46  4:35  Observer (Chrono Boost)  
  46  4:38  Probe (Chrono Boost)  
  49  4:44  Probe (Chrono Boost)  
  50  4:46  Probe (Chrono Boost), Assimilator  
  50  4:48  Assimilator  
  50  4:50  Sentry  
  50  4:51  Sentry  
  55  4:55  Probe  
  55  4:57  Probe, Forge  
  55  4:58  Twilight Council  
  57  5:04  Pylon  
  57  5:07  Probe  
  57  5:10  Probe  
  59  5:18  Pylon  
  59  5:19  Probe  
  59  5:20  Immortal (Chrono Boost)  
  60  5:21  Probe  
  60  5:23  Protoss Ground Weapons Level 1 (Chrono Boost)  
  60  5:27  Gateway  
  65  5:28  Gateway  
  65  5:31  Probe  
  65  5:34  Resonating Glaives (Chrono Boost)  
  66  5:39  Probe  
  66  5:41  Probe  
  67  5:43  Probe  
  67  5:45  Sentry  
  71  5:51  Probe  
  71  5:52  Probe, Immortal  
  71  5:55  Probe  
  74  6:00  Adept  
  74  6:03  Probe  
  80  6:05  Probe  
  80  6:10  Gateway  
  82  6:11  Probe  
  82  6:13  Gateway  
  82  6:15  Gateway  
  83  6:18  Gateway  
  83  6:19  Gateway  
  83  6:24  Probe x3  
  86  6:26  Warp Prism  
  86  6:31  Pylon  
  88  6:38  Templar Archives  
  88  6:39  Pylon  
  88  6:41  Pylon  
  88  6:43  Photon Cannon  
  88  6:50  Adept x3  
  88  6:51  Probe x2  
  96  6:54  Probe, Assimilator  
  96  6:56  Assimilator  
  97  7:12  Adept x6  
  109  7:19  Probe x2  
  109  7:22  Pylon  
  111  7:23  Pylon  
  111  7:30  Adept x3  
  111  7:35  Pylon  
  111  7:37  Pylon x2  
  117  7:39  Protoss Ground Weapons Level 2  
  113  7:45  High Templar x2  
  113  7:46  High Templar x3  
  113  7:49  High Templar  
  113  7:50  Archon x2  
  125  7:53  Archon  
  125  7:59  Pylon  
  125  8:00  Pylon  
  110  8:13  Adept x2  
  104  8:20  Adept x6  
  116  8:30  Immortal  
  92  8:41  Adept x9  
  102  8:56  Robotics Facility  
  102  9:00  Probe x3  
  105  9:05  Immortal (Chrono Boost)  
  105  9:09  Sentry  
  111  9:10  Sentry  
  111  9:12  Adept x4  
  111  9:13  Adept x2  
  125  9:18  Nexus  
  125  9:23  Photon Cannon  
  125  9:37  Pylon x2  
  125  9:43  Immortal (Chrono Boost)  
  125  9:44  Immortal (Chrono Boost)  
  133  9:55  Pylon  
  133  9:59  Probe  
  134  10:04  Protoss Ground Weapons Level 3  
  134  10:15  Probe x2  
  134  10:18  Immortal (Chrono Boost)  
  134  10:19  Immortal (Chrono Boost)  
  134  10:20  Assimilator  
  139  10:36  Adept x4  
  139  10:39  Probe  
  139  10:40  Probe  
  139  10:41  Probe  
  144  10:52  Immortal (Chrono Boost)  
  144  10:53  Immortal (Chrono Boost)  
  152  11:00  Photon Cannon  
  152  11:11  High Templar  
  152  11:12  High Templar x6  
  152  11:16  Adept x2  
  165  11:26  Immortal (Chrono Boost)  
  165  11:27  Immortal (Chrono Boost)  
  165  11:29  Pylon  
  164  11:33  Probe x2  
  168  11:46  Archon x2  
  158  11:54  Fleet Beacon  
  155  11:55  Adept x4  
  155  12:00  Immortal (Chrono Boost)  
  171  12:01  Immortal (Chrono Boost)  
  171  12:02  Nexus  
  171  12:22  Pylon  
  165  12:34  Immortal (Chrono Boost)  
  165  12:35  Immortal (Chrono Boost)  
  167  12:37  Protoss Shields Level 1  
  173  12:54  Pylon  
  173  12:57  High Templar x2  
  173  12:58  Pylon  
  177  13:06  Nexus  
  177  13:08  Immortal (Chrono Boost)  
  177  13:09  Archon  
  177  13:10  Immortal (Chrono Boost)  
  185  13:21  Assimilator  
  185  13:22  Photon Cannon  
  185  13:24  High Templar x2  
  185  13:26  Assimilator  
  189  13:34  Archon  
  189  13:40  Adept x6  
  197  13:43  Immortal (Chrono Boost)  
  197  13:46  Adept  
  191  13:50  Immortal (Chrono Boost)  
  187  14:00  Charge  
  175  14:12  Zealot x5  
  175  14:13  Zealot  
  191  14:17  Immortal (Chrono Boost)  
  191  14:32  Protoss Shields Level 2  
  191  14:33  Zealot x4  
  199  14:54  Pylon  
  191  15:06  Probe x3  
  191  15:07  Probe x2  
  189  15:11  Immortal x2 (Chrono Boost)  
  195  15:16  High Templar x2  
  195  15:19  Probe  
  188  15:35  High Templar x4, Archon  
  184  15:40  Archon x2  
  184  15:41  Zealot x3  
  192  15:42  Photon Cannon  
  196  15:57  High Templar x2  
  194  16:01  Archon  
  187  16:24  Robotics Bay, High Templar x4  
  195  16:27  Photon Cannon  
  195  16:28  Archon x2  
  195  16:39  Zealot x4  
  193  16:40  Zealot  
  169  16:55  Observer (Chrono Boost)  
  169  16:59  Zealot x4  
  158  17:03  Zealot x2  
  162  17:11  Disruptor (Chrono Boost)  
  162  17:13  Disruptor (Chrono Boost)  
  168  17:22  Dark Shrine  
  168  17:28  High Templar x2  
  168  17:29  Zealot x7  
  186  17:32  Photon Cannon, Archon  
  186  17:34  Photon Cannon  
  186  17:40  Nexus  
Tags
 
Add a new tag
Caveats
  • Supply blocks, unpowered buildings, or Contaminate may cause inaccurate times.
  • Supply counts are checked every 10 seconds.